 Dungeon Crawl Stone Soup version 0.30-a0-6-g7c9e10e132 (webtiles) character file.

Game seed: 14157956275637610395

71068 Newt the Spear-Bearer (level 14, -11/110 HPs)
             Began as a Demonspawn Gladiator on Aug 22, 2022.
             Was an Initiate of Yredelemnul.
             Killed from afar by a salamander mystic (23 damage)
             ... with a lance of force
             ... on level 1 of the Snake Pit.
             The game lasted 00:49:38 (20199 turns).

Newt the Spear-Bearer (Demonspawn Gladiator)       Turns: 20199, Time: 00:49:38

Health: -11/110    AC: 25    Str: 25    XL:     14   Next: 96%
Magic:  26/32      EV: 10    Int: 11    God:    Yredelemnul [......]
Gold:   1287       SH:  0    Dex: 12    Spells: 21/23 levels left

rFire   . . .      SeeInvis +    X - +5 halberd (flame)
rCold   + + .      Faith    .    (shield currently unavailable)
rNeg    . . .      Spirit   .    Q - +6 chain mail of the Ward {rPois MP+9 Stlth+}
rPois   +          Reflect  .    Y - +2 hat {Stlth+}
rElec   .          Harm     .    V - scarf {shadows}
rCorr   +          Rampage  .    f - +2 pair of gloves {infuse}
Will    +....                    U - +2 pair of boots of Unambiguity {rC++ rCorr Dex-2}
Stlth   ++........               R - amulet "Bunaiphi" {Regen+ SInv}
HPRegen 1.08/turn                L - ring of poison resistance
MPRegen 0.23/turn                W - +6 ring of strength

@: wereblooded, studying Ranged Weapons
A: claws 2, demonic guardian 3, spiny 1, sturdy frame 1, screaming 1
a: Renounce Religion, Recall Undead Harvest


You were on level 1 of the Snake Pit.
You worshipped Yredelemnul.
Yredelemnul was pleased with you.
You visited 4 branches of the dungeon, and saw 20 of its levels.
You visited 1 bazaar.
You also visited: Gauntlet.

You collected 3438 gold pieces.
You spent 2151 gold pieces at shops.

Inventory:

Hand Weapons
 j - a +1 demon whip of venom
 p - the +4 broad axe of the Four Demons {flame, Str+3}
   (You took it off a salamander on level 1 of the Snake Pit)

   It burns those it strikes, dealing additional fire damage.
   Big, fiery blades are also staple armaments of hydra-hunters.
   Str:       It affects your strength (+3).
 r - a +2 scythe of venom
 S - the +6 arbalest "Damnation" {damnation}
   (You found it on level 2 of the Lair of Beasts)

   Any ammunition fired from it explodes in a burst of damnation on striking a
   foe, dealing damage which bypasses armour.
 X - a +5 halberd of flaming (weapon)
Missiles
 d - 3 throwing nets
 y - 20 boomerangs (quivered)
 F - 4 silver javelins
 N - 4 boomerangs of dispersal
Armour
 f - a +2 pair of gloves of infusion (worn)
 E - the +0 robe of the Dancing Gods {Fly rElec rC+}
   (You took it off a goblin on level 3 of the Dungeon)

   rC:        It protects you from cold.
   rElec:     It insulates you from electricity.
   Fly:       It grants you flight.
 Q - the +6 chain mail of the Ward (worn) {rPois MP+9 Stlth+}
   (You found it on level 7 of the Dungeon)

   rPois:     It protects you from poison.
   MP:        It affects your magic capacity (+9).
   Stlth:     It makes you more stealthy.
 U - the +2 pair of boots of Unambiguity (worn) {rC++ rCorr Dex-2}
   (You found it on level 2 of the Lair of Beasts)

   Dex:       It affects your dexterity (-2).
   rC:        It greatly protects you from cold.
   rCorr:     It protects you from acid and corrosion.
 V - a scarf of shadows (worn)
 Y - a +2 hat of stealth (worn)
Magical Staves
 G - a staff of cold
Jewellery
 g - a ring of protection from fire
 o - a +4 ring of protection
 s - a ring of flight
 t - a +6 ring of strength
 J - a ring of positive energy
 L - a ring of poison resistance (left hand)
 R - the amulet "Bunaiphi" (around neck) {Regen+ SInv}
   (You took it off a kobold on level 7 of the Dungeon)

   [amulet of regeneration]

   SInv:      It lets you see invisible.
   Regen:     It increases your rate of health regeneration.
 W - a +6 ring of strength (right hand)
Wands
 b - a wand of digging (1)
 n - a wand of mindburst (4)
 K - a wand of polymorph (7)
 M - a wand of roots (17)
 O - a wand of paralysis (15)
 Z - a wand of acid (6)
Scrolls
 a - a scroll of enchant weapon
 e - a scroll of fog
 h - 12 scrolls of teleportation
 k - 2 scrolls of blinking
 l - 2 scrolls of fear
 q - 2 scrolls of poison
 w - 4 scrolls of identify
Potions
 c - a potion of mutation
 m - 2 potions of heal wounds
 u - 7 potions of might
 z - a potion of ambrosia
 A - 3 potions of flight
 B - 2 potions of invisibility
 C - 2 potions of lignification
 D - 12 potions of curing
 H - 6 potions of brilliance
 I - 4 potions of haste
 P - 2 potions of berserk rage
Miscellaneous
 i - a phantom mirror
 v - a condenser vane


   Skills:
 - Level 10.0 Fighting
 - Level 2.6 Short Blades
 - Level 14.0 Polearms
 - Level 1.7 Throwing
 + Level 8.3 Armour
 - Level 2.6 Dodging
 - Level 2.0 Stealth
 - Level 5.0 Spellcasting
 - Level 10.0 Transmutations
 - Level 12.0 Invocations
 - Level 10.0 Evocations


You had 21 spell levels left.
You knew the following spells:

 Your Spells              Type           Power      Damage    Failure   Level
a - Wereblood             Tmut           24%        N/A       1%          2

Your spell library contained the following spells:

 Spells                   Type           Power      Damage    Failure   Level
 Beastly Appendage        Tmut           48%        N/A       1%          1
 Spider Form              Tmut/Pois      13%        N/A       28%         3
 Magic Dart               Conj           8%         1d3       58%         1
 Shock                    Conj/Air       8%         1d3       58%         1
 Ensorcelled Hibernation  Hex/Ice        4%         N/A       75%         2
 Searing Ray              Conj           4%         2d4       75%         2
 Static Discharge         Conj/Air       2%         3-4/arc   75%         2
 Dazzling Flash           Conj/Hex       4%         N/A       92%         3
 Gell's Gravitas          Tloc           2%         N/A       92%         3
 Lesser Beckoning         Tloc           2%         N/A       92%         3
 Swiftness                Air            2%         N/A       92%         3
 Teleport Other           Tloc           2%         N/A       92%         3
 Airstrike                Air            1%         2d(1-17)  100%        4
 Anguish                  Hex/Necr       1%         N/A       100%        4
 Dispel Undead            Necr           2%         3d7       100%        4
 Fulminant Prism          Conj/Hex       1%         3d6       100%        4
 Sticky Flame             Conj/Fire      2%         2d3       100%        4
 Summon Lightning Spire   Summ/Air       2%         N/A       100%        4
 Agony                    Necr           2%         N/A       100%        5
 Borgnjor's Vile Clutch   Necr/Erth      1%         N/A       100%        5
 Lightning Bolt           Conj/Air       1%         1d12      100%        5
 Silence                  Hex/Air        1%         N/A       100%        5
 Summon Forest            Summ/Tloc      1%         N/A       100%        5
 Summon Mana Viper        Hex/Summ       2%         N/A       100%        5
 Summon Cactus Giant      Summ           1%         N/A       100%        6
 Animate Dead             Necr           Unusable   N/A       N/A         4
 Death Channel            Necr           Unusable   N/A       N/A         6

Dungeon Overview and Level Annotations

Branches:
Dungeon (13/15)            Temple (1/1) D:6            Lair (5/5) D:8
 Shoals (0/4) Lair:3        Snake (1/4) Lair:3        Slime (0/5) Lair:4
    Orc (0/2) D:9         Gauntlet (visited)
 Vaults: D:13-14

Altars:
Ashenzari
Cheibriados
Dithmenos
Fedhas
Gozag
Hepliaklqana
Kikubaaqudgha
Makhleb
Nemelex Xobeh
Okawaru
Qazlal
Ru
Sif Muna
Trog
Uskayaw
Vehumet
Wu Jian
Xom
Yredelemnul
Jiyva

Shops:
D:1 [   D:7 ?   D:10 (

Annotations:
D:11 2 transporters, Newt's ghost, journeyman DsGl


Innate Abilities, Weirdness & Mutations

You have very sharp fingernails.
A powerful demonic guardian rushes to your aid.
You are partially covered in sharp spines.
Your movements are slightly less encumbered by armour. (ER -2)
You occasionally shout uncontrollably at your foes.


Message History

Your salamander zombie is engulfed in flames!
Something closely misses your lorocyproca.
The salamander misses your lorocyproca.
You feel much better.
You howl as the wereblood boils in your veins!
The salamander mystic points at you and mumbles some strange words.
The bolt of magma hits you!!
* * * LOW HITPOINT WARNING * * *
The salamander hits your lorocyproca with a +0 halberd.
Your lorocyproca is engulfed in flames.
Your lorocyproca resists.
Your salamander zombie hits the salamander mystic but does no damage.
Your lorocyproca hits the salamander.
The salamander mystic is struck by your spines.
The salamander mystic hits you but does no damage.
The salamander mystic hits your salamander zombie with a +0 dagger.
Your salamander zombie is engulfed in flames!
Something closely misses your lorocyproca.
The salamander hits your lorocyproca with a +0 trident.
Your lorocyproca is engulfed in flames.
Your lorocyproca resists.
You hit the salamander mystic.
The salamander mystic is almost dead.
The salamander misses your lorocyproca.
The salamander mystic hits you but does no damage.
Your salamander zombie hits the salamander mystic!
Your lorocyproca hits the salamander!!!
The salamander mystic hits your salamander zombie with a +0 dagger.
Your salamander zombie is engulfed in flames!
Your salamander zombie is destroyed!
The salamander barely misses your lorocyproca.
Reach: X) +5 halberd (flame)
Press: ? - help, Dir - move target, f - salamander mystic
Aim: a salamander mystic, wielding a +0 scimitar and wearing a +0 robe (almost dead, fast, about 21% to evade your +5 halberd of flaming)
You barely miss the salamander mystic.
The salamander mystic is almost dead.
The salamander mystic points at you and mumbles some strange words.
The lance of force hits you!!
You die...
Your body rises from the dead as a mindless zombie.

* ##Z.# *,,,** *,,,,,,,*****,,
####...##**...* **,,,,,,,,,,,,,,
........###...#* *.,,,,,***,,,,*,
#..............#*#.,..,,,,,,,,,,,
###....Z.......##.,..####≈§**~~**
#...............,..#....≈~,,,,*
#..............#*#...≈≈.,,,~~,*
*#............#.# #...≈#~~***~,*
*#...##.......##@###N§N.#,,,,,,,*
#..##*###....###.N.2N≈≈.#,~~,,,~*
..#* ###..# ###.#N§§§#,~~,*,~*
..##########.## #..§≈..#,,,,*,,*
,,#○°°.°○°°°..## ###N#.≈#~~~~*~,~
,,#.○○.°..○○...## ##.#§≈≈..,,~~,~
,,#.○○°.....#...###..#,...≈~,,,,*
,,#∩..........#..#...####≈≈******
,,#.°○...°°°.####..........,,,,,,


You could see 2 salamander mystics, 2 salamanders and a friendly lorocyproca
(summoned, invisible).

Vanquished Creatures
  A minotaur (Gauntlet)
  A dire elephant (Lair:5)
  Fannar (Lair:3)
  4 hydras
  The ghost of Heh the Basher, a journeyman OpFi of Okawaru (Lair:1)
  A naga warrior (Snake:1)
  3 two-headed ogres
  8 death yaks
  Urug (Lair:1)
  Amaemon (D:8)
  2 salamander mystics (Snake:1)
  A lindwurm (Lair:2)
  2 ugly things
  An orc sorcerer (D:13)
  2 salamanders (Snake:1)
  A manticore (D:12)
  3 elephants (Lair:5)
  8 black mambas
  A gargoyle (D:12)
  2 torpor snails
  A naga mage (Snake:1)
  An orange demon (D:8)
  7 cane toads
  2 komodo dragons (Lair:5)
  A tengu conjurer (D:12)
  3 rime drakes
  2 freezing wraiths (D:13)
  A troll (D:12)
  3 polar bears
  3 hornets
  2 slime creatures (Lair:1)
  16 blink frogs
  A dream sheep (Lair:5)
  3 centaur simulacra (Gauntlet)
  5 wyverns
  2 wraiths
  37 yaks
  2 fire bats (Lair:1)
  2 steam dragons
  A warg (D:9)
  13 vampire mosquitoes
  Duvessa (D:4)
  An acid dragon (D:12)
  13 water moccasins
  2 orc warriors
  A black bear (D:7)
  13 centaurs
  2 ogres
  17 wolves
  A phantom (D:5)
  4 kobold brigands
  A necrophage (D:4)
  10 bullfrogs
  A scorpion (D:5)
  12 wights
  Dowan (D:4)
  A hornet simulacrum (Gauntlet)
  4 killer bees
  An electric eel (Lair:2)
  5 howler monkeys
  2 hounds
  2 orc priests
  4 jellies
  A hell rat (Lair:2)
  2 iguanas
  6 orc wizards
  3 gnolls (D:6)
  5 adders
  3 white imps
  An ufetubus (D:7)
  A worm (D:5)
  2 dart slugs
  32 orcs
  3 ball pythons
  3 endoplasms
  A giant cockroach (D:3)
  4 goblins
  A hobgoblin (D:4)
  28 kobolds
  4 quokkas
  6 bats
  2 frilled lizards (D:2)
  3 rats (D:2)
363 creatures vanquished.

Vanquished Creatures (collateral kills)
  Gastronok (D:8)
  7 hydras
  A hell beast (Gauntlet)
  A death yak (Lair:5)
  A two-headed ogre (D:9)
  A tengu warrior (D:12)
  Sonja (Lair:3)
  A sixfirhy (D:7)
  A glowing orange brain (Gauntlet)
  An orc knight (D:13)
  A lindwurm (Lair:5)
  A salamander (Snake:1)
  3 elephants
  4 black mambas
  4 cane toads
  A rime drake (Lair:5)
  3 kobold demonologists (D:7)
  4 komodo dragons
  A freezing wraith (D:12)
  2 trolls
  A polar bear (Lair:5)
  7 blink frogs
  A dream sheep (Lair:5)
  Sigmund (D:2)
  2 wyverns
  A wraith (D:13)
  10 yaks
  A fire bat (Lair:1)
  3 steam dragons
  A basilisk (Lair:5)
  A vampire mosquito (D:13)
  9 water moccasins
  An ice beast (D:5)
  An orc warrior (D:9)
  4 wolves
  5 centaurs (D:12)
  A kobold brigand (D:7)
  A bullfrog (D:7)
  7 wights
  2 killer bees (D:10)
  A howler monkey (D:9)
  A hound (D:5)
  2 jellies (Lair:1)
  2 iguanas
  A white imp (D:7)
  5 orcs
  A giant cockroach (D:4)
  7 kobolds
120 creatures vanquished.

Vanquished Creatures (others)
  3 hydra zombies
  A black mamba zombie (Lair:5)
  A spectral hell beast (Gauntlet)
  A spectral orange demon (D:8)
  2 fire bat zombies (Lair:1)
  3 cane toad zombies
  A hornet zombie (Lair:5)
  9 blink frog zombies
  A manticore zombie (D:12)
  2 rime drake zombies (Lair:5)
  7 vampire mosquito zombies
  A salamander zombie (Snake:1)
  8 water moccasin zombies
  3 wyvern zombies
  2 tengu zombies (D:12)
  13 yak zombies
  A polar bear zombie (Lair:4)
  A troll zombie (D:9)
  A naga zombie (Snake:1)
  8 wolf zombies
  6 centaur zombies
  6 bullfrog zombies
  A black bear zombie (D:7)
  An orc priest (D:13)
  A killer bee zombie (D:9)
  A howler monkey zombie (D:8)
  A hell rat zombie (Lair:2)
  A jelly zombie (Lair:1)
  16 kobold zombies
  8 orc zombies
  8 demonic plants (Gauntlet)
  38 fungi
  79 plants
236 creatures vanquished.

Grand Total: 719 creatures vanquished

Notes
Turn   | Place    | Note
-------+----------+-------------------------------------------
     0 | D:1      | Newt the Demonspawn Gladiator began the quest for the Orb.
     0 | D:1      | Reached XP level 1. HP: 16/16 MP: 1/1
   270 | D:1      | Reached skill level 1 in Stealth
   303 | D:1      | Found Kergha's Antique Armour Emporium.
   596 | D:1      | Found a faded altar of an unknown god.
   917 | D:2      | Gained mutation: A weak demonic guardian rushes to your
                  | aid. [demonic ancestry]
   917 | D:2      | Reached XP level 2. HP: 21/22 MP: 2/2
  1146 | D:2      | Noticed Sigmund
  1154 | D:2      | Killed Sigmund
  1155 | D:2      | Reached skill level 1 in Transmutations
  1155 | D:2      | Gained mutation: You have sharp fingernails. [demonic
                  | ancestry]
  1155 | D:2      | Reached XP level 3. HP: 26/30 MP: 2/6
  1155 | D:2      | Gained mutation: A demonic guardian rushes to your aid.
                  | [demonic ancestry]
  1155 | D:2      | Reached XP level 4. HP: 33/37 MP: 2/7
  1155 | D:2      | Gained mutation: A powerful demonic guardian rushes to your
                  | aid. [demonic ancestry]
  1155 | D:2      | Reached XP level 5. HP: 37/42 MP: 2/8
  2495 | D:3      | Reached skill level 1 in Polearms
  2690 | D:3      | Identified the +0 robe of the Dancing Gods {Fly rElec rC+}
  3172 | D:4      | Noticed Duvessa
  3172 | D:4      | Noticed Dowan
  3189 | D:4      | Killed Dowan
  3190 | D:4      | Reached skill level 2 in Polearms
  3190 | D:4      | Reached XP level 6. HP: 21/48 MP: 9/9
  3192 | D:4      | Killed Duvessa
  3193 | D:4      | Reached skill level 3 in Polearms
  4134 | D:5      | Entered Level 5 of the Dungeon
  4140 | D:5      | Reached skill level 4 in Polearms
  4141 | D:5      | Reached XP level 7. HP: 51/54 MP: 10/10
  4264 | D:5      | Reached skill level 5 in Polearms
  4674 | D:5      | Reached skill level 6 in Polearms
  4775 | D:5      | Reached skill level 1 in Armour
  5298 | D:6      | Learned a level 2 spell: Wereblood
  5396 | D:6      | Noticed a steam dragon
  5407 | D:6      | Killed a steam dragon
  5408 | D:6      | Reached XP level 8. HP: 8/60 MP: 11/11
  5958 | D:6      | Found a staircase to the Ecumenical Temple.
  6066 | Temple   | Entered the Ecumenical Temple
  6268 | Temple   | Became a worshipper of Yredelemnul the Dark
  6751 | D:7      | Found Tuntitz's Magic Scroll Emporium.
  7038 | D:7      | Bought a scroll of fog for 56 gold pieces
  7038 | D:7      | Bought a scroll of identify for 28 gold pieces
  7038 | D:7      | Bought a scroll of poison for 56 gold pieces
  7063 | D:7      | Noticed a kobold demonologist
  7069 | D:7      | Noticed a kobold demonologist
  7071 | D:7      | Noticed a kobold demonologist
  7151 | D:7      | Found a runed translucent door.
  7154 | D:7      | Noticed a sixfirhy
  7187 | D:7      | Identified the +6 chain mail of the Ward {rPois MP+9
                  | Stlth+}
  7285 | D:7      | Identified the amulet "Bunaiphi" {Regen+ SInv}
  7297 | D:7      | Reached * piety under Yredelemnul
  7422 | D:7      | Reached skill level 5 in Transmutations
  7507 | D:7      | Reached ** piety under Yredelemnul
  7562 | D:7      | Reached skill level 5 in Armour
  7566 | D:7      | Gained mutation: You have very sharp fingernails. [demonic
                  | ancestry]
  7566 | D:7      | Reached XP level 9. HP: 37/65 MP: 12/12
  7729 | D:7      | Killed a kobold demonologist
  7730 | D:7      | Reached skill level 5 in Fighting
  7730 | D:7      | Killed a kobold demonologist
  7736 | D:7      | Killed a kobold demonologist
  8024 | D:7      | Reached *** piety under Yredelemnul
  8322 | D:7      | Killed a sixfirhy
  8323 | D:7      | Reached skill level 5 in Spellcasting
  8323 | D:7      | Reached skill level 7 in Polearms
  8547 | D:8      | Gained mutation: You are partially covered in sharp spines.
                  | [demonic ancestry]
  8547 | D:8      | Reached XP level 10. HP: 66/76 MP: 17/17
  8610 | D:8      | Found an opulent altar of Gozag.
  8651 | D:8      | Noticed Amaemon
  8651 | D:8      | Noticed an orange demon
  9012 | D:8      | Reached skill level 8 in Polearms
  9142 | D:8      | Killed an orange demon
  9259 | D:8      | Killed Amaemon
  9260 | D:8      | Reached skill level 9 in Polearms
  9322 | D:8      | Noticed a two-headed ogre
  9333 | D:8      | Killed a two-headed ogre
  9528 | D:8      | Reached skill level 10 in Polearms
  9530 | D:8      | Found a staircase to the Lair.
  9567 | D:8      | Reached skill level 1 in Invocations
  9570 | D:8      | Noticed Gastronok
  9598 | D:8      | Paralysed by a wight for 5 turns
  9616 | D:8      | Killed Gastronok
  9617 | D:8      | Reached XP level 11. HP: 60/81 MP: 18/18
 10346 | D:9      | Reached skill level 5 in Evocations
 10512 | D:9      | Found a staircase to the Orcish Mines.
 10577 | D:9      | Reached **** piety under Yredelemnul
 10721 | D:9      | Noticed a two-headed ogre
 10725 | D:9      | Killed a two-headed ogre
 10730 | D:9      | Reached ***** piety under Yredelemnul
 10781 | D:9      | Noticed a two-headed ogre
 10789 | D:9      | Killed a two-headed ogre
 10933 | D:10     | Entered Level 10 of the Dungeon
 11062 | D:10     | Found Rietiy's Antique Weapon Shoppe.
 12055 | D:11     | Gained mutation: Your movements are slightly less
                  | encumbered by armour. (ER -2) [demonic ancestry]
 12055 | D:11     | Reached XP level 12. HP: 33/88 MP: 19/19
 12250 | D:11     | Found a transporter.
 12260 | D:11     | Noticed Newt's ghost (journeyman DsGl)
 12323 | D:11     | Noticed a two-headed ogre
 12331 | D:11     | Killed a two-headed ogre
 12435 | D:11     | Found a transporter.
 12476 | D:12     | Noticed a six-headed hydra
 12486 | D:12     | Killed a three-headed hydra
 12531 | D:12     | Reached skill level 10 in Transmutations
 12601 | D:12     | Noticed a tengu warrior
 12623 | D:12     | Killed a tengu warrior
 12842 | D:12     | Noticed a six-headed hydra
 12846 | D:12     | Killed a four-headed hydra
 13097 | D:13     | Noticed a death knight
 13269 | D:13     | Noticed a five-headed hydra
 13277 | D:13     | Killed a one-headed hydra
 13278 | D:13     | Reached skill level 10 in Fighting
 13444 | D:13     | Noticed a death knight
 13587 | Lair:1   | Entered Level 1 of the Lair of Beasts
 13666 | Lair:1   | You fall into a shaft and drop 1 floor!
 13757 | Lair:1   | Found a gate leading to a gauntlet.
 13766 | Gauntlet | Entered a Gauntlet
 13775 | Gauntlet | Found a transporter.
 13792 | Gauntlet | Found a transporter.
 13795 | Gauntlet | Found a transporter.
 13809 | Gauntlet | Found a transporter.
 13810 | Gauntlet | Found a transporter.
 13815 | Gauntlet | Noticed a ghost crab
 13823 | Gauntlet | Found a transporter.
 13847 | Gauntlet | Noticed a hell beast
 13865 | Gauntlet | Found a transporter.
 13865 | Gauntlet | Found a transporter.
 13873 | Gauntlet | Found a transporter.
 13910 | Gauntlet | Found a transporter.
 13911 | Gauntlet | Found a transporter.
 13921 | Gauntlet | Found a transporter.
 14020 | Gauntlet | Reached XP level 13. HP: 103/103 MP: 20/20
 14207 | Gauntlet | Noticed a minotaur
 14220 | Gauntlet | Killed a minotaur
 14250 | Gauntlet | Identified the +1 leather armour of Foug {rC+ Str-5 Int+4}
 14336 | Lair:1   | Found a dark tunnel.
 14396 | Lair:1   | Noticed Urug
 14409 | Lair:1   | Killed Urug
 14708 | Lair:1   | Found a runed translucent gate.
 14708 | Lair:1   | Found a runed translucent gate.
 14708 | Lair:1   | Found a runed translucent gate.
 14711 | Lair:1   | Noticed Heh's ghost (journeyman OpFi)
 14837 | Lair:1   | Killed Heh's ghost
 14913 | Lair:1   | Found a viscous altar of Jiyva.
 15009 | Lair:2   | Reached skill level 10 in Evocations
 15099 | Lair:2   | Found the +6 arbalest "Damnation" {damnation}
 15245 | Lair:2   | Reached skill level 11 in Polearms
 15685 | Lair:2   | Identified the +2 pair of boots of Unambiguity {rC++ rCorr
                  | Dex-2}
 16048 | Lair:3   | Noticed Sonja
 16058 | Lair:3   | Reached skill level 12 in Polearms
 16063 | Lair:3   | Killed Sonja
 16175 | Lair:3   | Noticed Fannar
 16186 | Lair:3   | Killed Fannar
 16235 | Lair:3   | Found a staircase to the Snake Pit.
 16236 | Lair:3   | Gained mutation: You are weak. (Str -2) [potion of
                  | mutation]
 16236 | Lair:3   | Gained mutation: You have a pair of small horns on your
                  | head. [potion of mutation]
 16237 | Lair:3   | Lost mutation: You have a pair of small horns on your head.
                  | [potion of mutation]
 16237 | Lair:3   | Lost mutation: You are weak. (Str -2) [potion of mutation]
 16237 | Lair:3   | Gained mutation: You occasionally shout uncontrollably at
                  | your foes. [potion of mutation]
 16404 | Lair:3   | Found a staircase to the Shoals.
 16877 | Lair:4   | Reached skill level 13 in Polearms
 16910 | Lair:4   | Reached XP level 14. HP: 81/110 MP: 12/21
 17254 | Lair:4   | Reached ****** piety under Yredelemnul
 17453 | Lair:4   | Found a staircase to the Slime Pits.
 17767 | Lair:4   | Found a viscous altar of Jiyva.
 17906 | Lair:5   | Entered Level 5 of the Lair of Beasts
 17915 | Lair:5   | Reached skill level 14 in Polearms
 18282 | Lair:5   | Reached skill level 10 in Invocations
 19480 | D:7      | Bought 2 scrolls of acquirement for 1456 gold pieces
 19481 | D:7      | Acquired 371 gold pieces
 19483 | D:7      | Acquired 864 gold pieces
 19658 | Snake:1  | Entered Level 1 of the Snake Pit
 19658 | Snake:1  | Found an ornate altar of the Wu Jian Council.
 19815 | Snake:1  | Found a flickering gateway to a bazaar.
 19825 | Bazaar   | Entered a bazaar
 19834 | Bazaar   | Found Agyh's Antique Armour Boutique.
 19868 | Bazaar   | Found Ashatuth's Jewellery Emporium.
 19929 | Bazaar   | Found Piozxuv's Distillery.
 19935 | Bazaar   | Bought a potion of heal wounds for 50 gold pieces
 19935 | Bazaar   | Bought a potion of mutation for 80 gold pieces
 19935 | Bazaar   | Bought a potion of heal wounds for 50 gold pieces
 19984 | Bazaar   | Found Cediacaa's Armour Shoppe.
 20014 | Bazaar   | Found Vacziecu's Antique Weapon Shoppe.
 20038 | Bazaar   | Bought a ring of protection from fire for 375 gold pieces
 20136 | Snake:1  | Identified the +4 broad axe of the Four Demons {flame,
                  | Str+3}
 20199 | Snake:1  | Killed from afar by a salamander mystic

Illustrated notes

Levels and vault maps discovered:
D:1:      onia_arrival_pentagram, layout_basic, serial_shops,
          nicolae_diamond_shop, dreamdust_ecumenical_altar_hidden_monk_grotto
D:2:      layout_loops_corners, minmay_quantized, uniq_sigmund
D:3:      layout_basic
D:4:      layout_basic, hangedman_decor_growths, uniq_duvessa
D:5:      layout_basic
D:6:      layout_gridville, minmay_temple_entry_antechambers
D:7:      cheibrodos_shockbox, layout_loops_ring, serial_shops,
          nicolae_shop_statue_plus
D:8:      minmay_recursive_quarters, layout_basic, general_overflow_altar,
          lair_entry_dummy, serial_aquarium, aquarium_bridge_island_large
          [aquarium_subvault_large_1_pool, aquarium_subvault_bridge,
          aquarium_subvault_bridge, aquarium_subvault_wall,
          aquarium_subvault_balcony], aquarium_bridge_straight
          [aquarium_subvault_bridge, aquarium_subvault_balcony,
          aquarium_subvault_bridge, aquarium_subvault_window],
          aquarium_window_fake, aquarium_window_2, aquarium_window_1,
          aquarium_view_2c, aquarium_balcony_5a, uniq_gastronok, uniq_amaemon
D:9:      layout_irregular_city, mainiacjoe_overflow_catwalk, david_orc_3
D:10:     layout_long_grid, serial_shops, kennysheep_little_box
D:11:     layout_cave_pools, serial_column_ruins, column_ruins_grid_1,
          column_ruins_corridor_straight, column_ruins_corridor_dead_end,
          column_ruins_grid_1, column_ruins_open_tiny,
          gammafunk_ghost_stat_death
D:12:     layout_rooms
D:13:     layout_cross
Temple:   nicolae_temple_bog_church
Lair:1:   layout_big_grid, gauntlet_entry_generic,
          nicolae_volcano_entry_batcave, gammafunk_ghost_ooze,
          infiniplex_staircase_pool_2, uniq_urug
Lair:2:   nzn_winding_woodlands_stair_cross
          [nzn_winding_woodlands_5x15_split_checker,
          nzn_winding_woodlands_center_diamonds,
          nzn_winding_woodlands_5x15_pool, nzn_winding_woodlands_5x5_default,
          nzn_winding_woodlands_5x5_three, nzn_winding_woodlands_5x15_crooked,
          nzn_winding_woodlands_center_pierced_h,
          nzn_winding_woodlands_5x15_twine], layout_misc_corridors,
          serial_bayou_lagoon_b
Lair:3:   layout_long_grid, minmay_shoals_entry_centaurs,
          minmay_snake_entry_six_corridors, infiniplex_staircase_pool,
          uniq_sonja, uniq_fannar
Lair:4:   layout_cave_pods, slime_entry_1
Lair:5:   hangedman_lair_in_review, layout_gridlike, patterned_corridor
Snake:1:  layout_layer_cave, serial_shops, bzr_firewalk, basic_altar,
          nicolae_snake_salamander_fort

Skill      XL: |  1  2  3  4  5  6  7  8  9 10 11 12 13 14 |
---------------+-------------------------------------------+-----
Stealth        | 2 |  2.0
Fighting       | 4 6 10 | 10.0
Spellcasting   | 2 5 |  5.0
Transmutations | 1 2 5 9 10 | 10.0
Polearms       | 2 4 6 7 10 13 14 | 14.0
Armour         | 3 5 6 8 |  8.3
Invocations    | 6 12 | 12.0
Evocations     | 2 6 8 10 | 10.0
Short Blades   | |  2.6
Throwing       | |  1.7
Dodging        | |  2.6

Action                   |  1- 3 |  4- 6 |  7- 9 | 10-12 | 13-15 || total
-------------------------+-------+-------+-------+-------+-------++-------
Melee: Rapier            |    46 |       |       |       |       ||    46
       Punch             |     2 |       |       |       |       ||     2
       Halberd           |       |   119 |   174 |   414 |   467 ||  1174
Throw: Throwing net      |     2 |       |     3 |     1 |       ||     6
       Dart              |     2 |       |       |     2 |       ||     4
       Boomerang         |       |       |       |     3 |       ||     3
 Cast: Wereblood         |       |       |       |     7 |    15 ||    22
Invok: Dark Bargain      |       |       |     1 |       |       ||     1
       Bind Soul         |       |       |       |       |     2 ||     2
  Use: Scroll            |     3 |     5 |     6 |    14 |     6 ||    34
       Potion            |       |     1 |     2 |     3 |     5 ||    11
 Stab: Held in net/web   |     2 |       |       |     2 |       ||     4
       Sleeping          |       |     8 |     4 |       |     2 ||    14
       Distracted        |       |     1 |       |     3 |     8 ||    12
Armor: Leather armour    |    15 |    35 |    61 |       |       ||   111
       Chain mail        |       |       |    62 |   265 |   204 ||   531
Dodge: Dodged            |    35 |    59 |    89 |   182 |   150 ||   515

Table legend: (Time is in decaauts)
 A = Elapsed time spent in this place.
 B = Non-inter-level travel time spent in this place.
 C = Inter-level travel time spent in this place.
 D = Time resting spent in this place.
 E = Time spent auto-exploring this place.
 F = Levels seen in this place.
 G = Mean time per level.
                   A        B        C        D        E       F      G
               +--------+--------+--------+--------+--------+-----+--------+
         Total |  20250 |  19185 |   1065 |   2847 |  12982 |  22 |  920.5 |
       Dungeon |  13595 |  12845 |    750 |   2630 |   8383 |  13 | 1045.8 |
        Temple |    231 |    186 |     45 |      0 |    169 |   1 |  231.0 |
          Lair |   5378 |   5110 |    268 |     66 |   3992 |   5 | 1075.6 |
     Snake Pit |    250 |    250 |      0 |     46 |     44 |   1 |  250.0 |
        Bazaar |    280 |    280 |      0 |      0 |    191 |   1 |  280.0 |
      Gauntlet |    513 |    513 |      0 |    104 |    203 |   1 |  513.0 |
               +--------+--------+--------+--------+--------+-----+--------+

Top non-repeatable levels by time:
     D:7: 2035 daAuts
     D:8: 1487 daAuts
  Lair:5: 1406 daAuts
     D:6: 1303 daAuts
     D:2: 1252 daAuts
  Lair:4: 1168 daAuts
     D:4: 1146 daAuts
     D:5: 1133 daAuts
  Lair:2: 1114 daAuts
     D:1: 888 daAuts
     D:3: 885 daAuts
    D:10: 880 daAuts
  Lair:3: 859 daAuts
    D:12: 847 daAuts
     D:9: 845 daAuts
